 Dungeon Crawl Stone Soup version 0.30-a0-639-g3916f1956a (webtiles) character file.

Game seed: 628376299805106881

79 demibob the Chopper (level 4, 33/35 HPs)
             Began as a Demonspawn Berserker on Jan 17, 2023.
             Was a Believer of Trog.
             Quit the game on level 3 of the Dungeon.
             The game lasted 00:01:31 (1182 turns).

demibob the Chopper (Demonspawn Berserker)          Turns: 1182, Time: 00:01:32

Health: 33/35      AC:  2    Str: 19    XL:     4   Next: 17%
Magic:  4/4        EV: 12    Int:  9    God:    Trog [**....]
Gold:   63         SH:  0    Dex: 12    Spells: 3/3 levels left

rFire   . . .      SeeInvis .    a - +0 war axe
rCold   . . .      Faith    .    (no shield)
rNeg    . . .      Spirit   .    b - +0 animal skin
rPois   .          Reflect  .    (no helmet)
rElec   .          Harm     .    (no cloak)
rCorr   .          Rampage  .    (no gloves)
Will    .....                    (no boots)
Stlth   +                        (no amulet)
HPRegen 0.25/turn                (no ring)
MPRegen 0.18/turn                (no ring)

@: no status effects
A: magic regeneration, demonic touch 1
a: Renounce Religion, Berserk, Trog's Hand


You were on level 3 of the Dungeon.
You worshipped Trog.
Trog was pleased with you.
You visited 1 branch of the dungeon, and saw 3 of its levels.

You collected 63 gold pieces.


Innate Abilities, Weirdness & Mutations

You regenerate magic rapidly.
Your touch may inflict minor irresistible damage on your foes.


   Skills:
 - Level 3.0 Fighting
 + Level 4.6 Axes
 - Level 1.7 Armour
 - Level 1.7 Dodging


You had 3 spell levels left.
You didn't know any spells.
Your spell library was empty.

Inventory:

Hand Weapons
 a - a +0 war axe (weapon)
 e - a +0 hand axe
Missiles
 l - 6 curare-tipped darts {=f}
Armour
 b - a +0 animal skin (worn)
Jewellery
 m - a ring of magical power
 M - a ring of magical power
Scrolls
 d - a scroll of blinking {unknown}
 f - a scroll of immolation {unknown}
 g - a scroll of identify {@r1}
 j - a scroll of vulnerability {unknown}
 k - a scroll of poison {unknown}
 n - a scroll of amnesia {unknown}
 p - a scroll of teleportation {@r2}
Potions
 c - a potion of berserk rage {unknown}
 h - 2 potions of might {unknown}
 i - a potion of resistance {unknown}
 o - a potion of heal wounds {unknown}

Dungeon Overview and Level Annotations

Branches:
Dungeon (3/15)

Altars:

. # .. #.### .?.
...## .... #..#
..... #<#......
#########........
.......@..#.#....
###########.# ..
#


There were no monsters in sight!


Message History

A hobgoblin comes into view.
Found a scroll of noise.
The hobgoblin shouts!
You hear an angry hiss.
Natasha, Servant of Life and Death comes into view.
You barely miss the hobgoblin. The hobgoblin completely misses you.
You barely miss the hobgoblin. Your touch misses the hobgoblin.
The hobgoblin hits you.
You closely miss the hobgoblin. Your touch misses the hobgoblin.
The hobgoblin hits you.
You slash the hobgoblin!
You kill the hobgoblin!
Trog accepts your kill.
Natasha wildly gestures.
Natasha shimmers violently.
Natasha claws you but does no damage.
You hit Natasha but do no damage. Your touch misses Natasha.
Natasha barely misses you.
You hit Natasha.
You touch Natasha.
Natasha is severely wounded.
Natasha barely misses you.
You slash Natasha!
You kill Natasha!
Trog accepts your kill.
Trog appreciates your killing of a magic user.
You can now call upon Trog for regeneration and willpower.
You hear a faint echoing roar filled with hate and sorrow!
You have reached level 4!
You feel clever.
Your demonic ancestry asserts itself...
Your magic begins to regenerate rapidly.
Are you sure you want to abandon this character and quit the game? (Confirm with "yes".)

Skill      XL: |  1  2  3 |
---------------+----------+-----
Axes           | 3 4 |  4.6
Fighting       | |  3.0
Armour         | |  1.7
Dodging        | |  1.7

Action                   |  1- 3 |  4- 6 || total
-------------------------+-------+-------++-------
Melee: Hand axe          |    12 |       ||    12
       War axe           |    45 |       ||    45
       Touch             |    11 |       ||    11
Invok: Berserk           |     1 |       ||     1
  Use: Scroll            |     4 |       ||     4
       Potion            |     1 |       ||     1
Armor: Animal skin       |    11 |       ||    11
Dodge: Dodged            |    47 |       ||    47

Levels and vault maps discovered:
D:1:      sevenhm_arrival_forest_fort_large_4, layout_loops_ring
D:2:      layout_rooms
D:3:      layout_rooms, nicolae_hepliaklqana_hazy_memory, uniq_natasha,
          uniq_crazy_yiuf_cottage

Notes
Turn   | Place    | Note
-------+----------+-------------------------------------------
     0 | D:1      | demibob the Demonspawn Berserker began the quest for the
                  | Orb.
     0 | D:1      | Reached XP level 1. HP: 18/18 MP: 1/1
    71 | D:1      | Reached skill level 3 in Axes
   187 | D:1      | Gained mutation: Your touch may inflict minor irresistible
                  | damage on your foes. [demonic ancestry]
   187 | D:1      | Reached XP level 2. HP: 16/24 MP: 2/2
   363 | D:1      | Reached XP level 3. HP: 29/29 MP: 3/3
   702 | D:2      | Reached skill level 4 in Axes
  1172 | D:3      | Noticed Natasha
  1181 | D:3      | Killed Natasha
  1181 | D:3      | Reached ** piety under Trog
  1182 | D:3      | Gained mutation: You regenerate magic rapidly. [demonic
                  | ancestry]
  1182 | D:3      | Reached XP level 4. HP: 33/35 MP: 4/4
  1182 | D:3      | Quit the game

Vanquished Creatures
  Natasha (D:3)
  A gnoll (D:1)
  2 worms (D:2)
  2 dart slugs (D:1)
  6 endoplasms
  A giant cockroach (D:2)
  2 goblins (D:2)
  5 hobgoblins
  2 quokkas
  3 ball pythons
  4 bats (D:1)
  A frilled lizard (D:1)
  A kobold (D:2)
  A rat (D:2)
32 creatures vanquished.

Table legend: (Time is in decaauts)
 A = Elapsed time spent in this place.
 B = Non-inter-level travel time spent in this place.
 C = Inter-level travel time spent in this place.
 D = Time resting spent in this place.
 E = Time spent auto-exploring this place.
 F = Levels seen in this place.
 G = Mean time per level.
                   A        B        C        D        E       F      G
               +--------+--------+--------+--------+--------+-----+--------+
         Total |   1222 |   1166 |     56 |      2 |    921 |   3 |  407.3 |
       Dungeon |   1222 |   1166 |     56 |      2 |    921 |   3 |  407.3 |
               +--------+--------+--------+--------+--------+-----+--------+

Top non-repeatable levels by time:
     D:1: 672 daAuts
     D:2: 537 daAuts
     D:3: 12 daAuts

Table legend:
 A = Non-vault XP
 B = Vault XP
 C = Vault XP percentage of total XP
 D = Non-vault monster count
 E = Vault monster count
 F = Vault count percentage of total count
                 A         B        C        D         E       F
            +---------+---------+-------+---------+---------+-------
      Total |      79 |      35 |  30.7 |      31 |       1 |   3.1
            +---------+---------+-------+---------+---------+-------
        D:1 |      45 |       0 |   0.0 |      16 |       0 |   0.0
        D:2 |      32 |       0 |   0.0 |      14 |       0 |   0.0
        D:3 |       2 |      35 |  94.6 |       1 |       1 |  50.0
            +---------+---------+-------+---------+---------+-------
